 Dungeon Crawl Stone Soup version 0.16-a0-3197-g5046a99 (webtiles) character file.

219 Chiseanne the Ducker (level 5, -4/34 HPs)
             Began as an Octopode Transmuter on Dec 18, 2014.
             Was an Initiate of Ru.
             Slain by an ice beast (14 damage)
             ... on level 5 of the Dungeon.
             The game lasted 00:10:04 (4140 turns).

Chiseanne the Ducker (Octopode Transmuter)          Turns: 4140, Time: 00:10:04

Health: -4/34      AC:  1    Str: 10    XL:     5   Next: 96%
Magic:  20/20      EV: 18    Int: 15    God:    Ru [......]
Gold:   170        SH:  4    Dex: 18    Spells: 2 memorised, 6 levels left

rFire  . . .     SeeInvis .       - Unarmed
rCold  . . .     Clarity  .     c - +0 buckler
rNeg   . . .     SustAb   .     (helmet restricted)
rPois  +         Gourm    .     (no amulet)
rElec  .         Spirit   .     l - ring of poison resistance
rCorr  .         Warding  .     n - ring of magical power
rMut   .         Stasis   .     (no ring)
MR     .....                    (no ring)
Stlth  ..........               (no ring)
                                (no ring)
                                (no ring)
                                (no ring)

@: agile, appendage (expiring), not resistant to hostile enchantments, extremely
unstealthy
A: almost no armour, amphibious, 8 rings, constrict 8, tentacle spike 3,
camouflage 1, gelatinous body 1, no stealth
a: End Transformation, Renounce Religion


You were on level 5 of the Dungeon.
You worshipped Ru.
Ru was noncommittal.
You were hungry.
One of your tentacles had a temporary spike.
You visited 1 branch of the dungeon, and saw 5 of its levels.

You collected 170 gold pieces.

Inventory:

Hand weapons
 w - a +0 blowgun
Missiles
 b - 48 arrows
 g - 15 poisoned needles
 o - 3 curare-tipped needles
Armour
 c - a +0 buckler (worn)
Jewellery
 l - a ring of poison resistance (left tentacle)
 n - a ring of magical power (right tentacle)
Magical devices
 v - a wand of magic darts (9)
Scrolls
 h - a scroll of immolation
 i - 3 scrolls of identify
 j - a scroll of teleportation
 x - a scroll of remove curse
 y - a scroll of magic mapping {unknown}
Potions
 e - a potion of agility
 k - a potion of heal wounds
 m - 2 potions of restore abilities
 p - a potion of lignification {unknown}
 r - 2 potions of might {unknown}
 s - a potion of brilliance {unknown}
 t - a potion of berserk rage {unknown}
Books
 d - a book of Changes

   Spells                             Type                      Level
   a - Beastly Appendage              Transmutation                1
   b - Sticks to Snakes               Transmutation                2
   c - Spider Form                    Transmutation/Poison         3
   d - Ice Form                       Ice/Transmutation            4
   e - Blade Hands                    Transmutation                5
Comestibles
 a - 2 bread rations
 f - a beef jerky
 q - 2 meat rations
 u - a slice of pizza


   Skills:
 * Level 2.2 Fighting
 * Level 3.6 Dodging
 - Level 3.0 Unarmed Combat
 * Level 3.4 Spellcasting
 * Level 3.3 Transmutations


You had 6 spell levels left.
You knew the following spells:

 Your Spells              Type           Power        Failure   Level  Hunger
a - Beastly Appendage     Trmt           ##....       8%          1    None
b - Spider Form           Trmt/Pois      #.........   34%         3    ###....


Dungeon Overview and Level Annotations

Branches:
Dungeon (5/15)
 Temple: D:4-7

Altars:
Dithmenos
Makhleb
Ru
Trog
Zin
The Shining One

Annotations:
D:4 Chiseanne's ghost, average KoTm


Innate Abilities, Weirdness & Mutations

You cannot wear most types of armour.
You are amphibious.
You can wear up to eight rings at the same time.
You can use your tentacles to constrict many enemies at once.
Your skin changes colour to match your surroundings (Stealth).
Your rubbery body absorbs attacks (AC +1).
You cannot be stealthy.
One of your tentacles bears a large vicious spike.


Message History

The ice beast is moderately wounded.
The ice beast hits you. The ice beast freezes you.
You tentacle-slap the ice beast but do no damage.
You pierce the ice beast, but do no damage.
The ice beast is moderately wounded.
The ice beast barely misses you.
You barely miss the ice beast.
Your tentacle spike misses the ice beast.
Your squeeze misses the ice beast.
The ice beast is moderately wounded.
The ice beast hits you but does no damage.
You tentacle-slap the ice beast.
The ice beast is heavily wounded.
The ice beast misses you.
You tentacle-slap the ice beast. You squeeze the ice beast!
The ice beast is almost dead.
The ice beast hits you.
* * * LOW HITPOINT WARNING * * *
The ice beast freezes you!
You die...

##### #...#
###...###
#.......####
#..@Y.......
#$.......?..
#.....#####
#......#
#.#...###
#.##.## # #.
#. .


You could see an ice beast.

Vanquished Creatures
  A crimson imp (D:3)
  A worker ant (D:4)
  6 adders
  A giant mite (D:4)
  A worm (D:2)
  2 giant geckos (D:1)
  8 bats
  10 goblins
  15 hobgoblins
  6 jackals
  10 kobolds
  3 quokkas
  5 giant cockroaches
  7 giant newts
  11 rats
87 creatures vanquished.

Notes
Turn   | Place    | Note
--------------------------------------------------------------
     0 | D:1      | Chiseanne, the Octopode Transmuter, began the quest for the Orb.
     0 | D:1      | Reached XP level 1. HP: 13/13 MP: 3/3
    60 | D:1      | Reached XP level 2. HP: 6/18 MP: 4/4
   767 | D:1      | Reached XP level 3. HP: 23/23 MP: 2/6
  1471 | D:2      | Found a burning altar of Makhleb.
  1475 | D:2      | Found a glowing silver altar of Zin.
  1476 | D:2      | Noticed an angel
  1481 | D:2      | Noticed a blizzard demon
  1506 | D:2      | Found a bloodstained altar of Trog.
  1822 | D:2      | Reached XP level 4. HP: 20/28 MP: 6/8
  2006 | D:2      | Found a sacrificial altar of Ru.
  2055 | D:2      | Became a worshipper of Ru the Awakened
  2262 | D:2      | Found a glowing golden altar of the Shining One.
  2649 | D:2      | Learned a level 3 spell: Spider Form
  2916 | D:3      | Reached XP level 5. HP: 16/34 MP: 11/11
  3383 | D:3      | Found a shadowy altar of Dithmenos.
  4010 | D:4      | Gained mutation: You cannot be stealthy. [Ru sacrifice]
  4084 | D:4      | Noticed Chiseanne's ghost (average KoTm)
  4128 | D:5      | Entered Level 5 of the Dungeon
  4128 | D:5      | Noticed an ice beast
  4140 | D:5      | Slain by an ice beast

Action                   |  1- 3 |  4- 6 || total
-------------------------+-------+-------++-------
Melee: Unarmed           |    95 |   142 ||   237
 Cast: Beastly Appendage |    23 |    32 ||    55
Invok: Sacrifice Stealth |       |     1 ||     1
Evoke: Wand              |       |     5 ||     5
  Use: Scroll            |     4 |     6 ||    10
       Potion            |       |     2 ||     2
 Stab: Sleeping          |     3 |     1 ||     4
  Eat: Chunk             |     2 |     8 ||    10
